 Dungeon Crawl Stone Soup version 0.30.1-4-g462c640d31 (webtiles) character file.

Game seed: 16998382409289057303

392 Raikaria the Trooper (level 6, -5/53 HPs)
             Began as a Draconian Warper on Sept 17, 2023.
             Slain by a gnoll bouda
             ... wielding a +0 whip
              (8 damage)
             ... on level 5 of the Dungeon.
             The game lasted 00:15:14 (4261 turns).

Raikaria the Trooper (Draconian Warper)             Turns: 4261, Time: 00:15:15

Health: -5/53      AC:  8    Str: 16    XL:     6   Next: 51%
Magic:  7/9        EV: 13    Int: 13    God:
Gold:   180        SH:  0    Dex: 10    Spells: 4/9 levels left

rFire   . . .        a - +3 mace
rCold   . . .        (no shield)
rNeg    . . .        (body armour unavailable)
rPois   .            (helmet restricted)
rElec   .            g - scarf {+Inv}
rCorr   +            m - +1 pair of gloves
SInv    .            (no boots)
Will    .....        q - amulet of magic regeneration
Stlth   +            p - ring of resist corrosion
HPRegen 0.28/turn    (no ring)
MPRegen 0.51/turn

%: no passive effects
@: on blink cooldown
A: AC +6, unfitting armour, cold-blooded
a: Evoke Invisibility


You were on level 5 of the Dungeon.
You visited 1 branch of the dungeon, and saw 5 of its levels.

You collected 222 gold pieces.
You spent 42 gold pieces at shops.

Inventory:

Hand Weapons
 a - a +3 mace (weapon)
 j - a +0 flail
Missiles
 c - 7 boomerangs of dispersal (quivered)
 r - 5 boomerangs
Armour
 g - a scarf of invisibility (worn)
 l - a +0 cloak
 m - a +1 pair of gloves (worn)
Jewellery
 n - a ring of ice
 p - a ring of resist corrosion (left hand)
 q - an amulet of magic regeneration (around neck)
Scrolls
 b - a scroll of blinking
 f - 4 scrolls of identify {unknown}
 i - a scroll of magic mapping {unknown}
 u - a scroll of fear {unknown}
 v - a scroll of torment {unknown}
 w - a scroll of enchant weapon {unknown}
 y - a scroll of enchant armour {unknown}
Potions
 d - a potion of lignification {unknown}
 e - 2 potions of heal wounds {unknown}
 h - a potion of haste
 k - a potion of invisibility {unknown}
 o - a potion of curing
 s - a potion of resistance {unknown}
 t - a potion of brilliance {unknown}
 x - a potion of magic {unknown}
 z - 2 potions of degeneration {unknown}
 A - a potion of might {unknown}


   Skills:
 + Level 4.7 Fighting
 + Level 4.3 Maces & Flails
 - Level 0.8 Throwing
 + Level 4.1 Dodging
 - Level 2.0 Spellcasting
 - Level 3.0 Translocations


You had 4 spell levels left.
You knew the following spells:

 Your Spells              Type           Power      Damage    Failure   Level
a - Blink                 Tloc           18%        N/A       11%         2
b - Vhi's Electric Charg  Tloc/Air       10%        N/A       38%         3

Your spell library contained the following spells:

 Spells                   Type           Power      Damage    Failure   Level
 Lesser Beckoning         Tloc           18%        N/A       11%         2
 Teleport Other           Tloc           9%         N/A       22%         3
 Summon Small Mammal      Summ           4%         N/A       26%         1
 Scorch                   Fire           2%         2d5       36%         2
 Call Canine Familiar     Summ           1%         N/A       58%         3
 Summon Guardian Golem    Hex/Summ       1%         N/A       58%         3
 Manifold Assault         Tloc           9%         N/A       58%         4
 Flame Wave               Conj/Fire      1%         2d4       94%         4
 Summon Cactus Giant      Summ           0%         N/A       100%        6


Dungeon Overview and Level Annotations

Branches:
Dungeon (5/15)
 Temple: D:4-7

Altars:

Shops:
D:2 ??(*(   D:4 (

Annotations:
D:3 Grinder
D:4 1 runed translucent door, VerbalBBQ's ghost, amateur FoFi


Innate Abilities, Weirdness & Mutations

Your plain brown scales are hard. (AC +6)
You cannot fit into any form of body armour.
You are cold-blooded and may be slowed by cold attacks.


Message History

The gnoll hits you from afar with a +0 halberd.
The gnoll bouda barks out a call to the hunt!
The gnoll picks up the pace!
The gnoll misses you.
Things that are here:
a +0 whip; 4 stones; a gnoll corpse You hit the gnoll.
The gnoll is lightly wounded.
The gnoll completely misses you.
You hit the gnoll.
The gnoll is moderately wounded.
The gnoll closely misses you. x2
You hit the gnoll. You tail-slap the gnoll.
The gnoll is severely wounded.
The gnoll hits you with a +0 halberd!
You sock the gnoll!
You kill the gnoll!
The gnoll bouda hits you with a +0 whip!
You closely miss the gnoll bouda.
You tail-slap the gnoll bouda, but do no damage.
The gnoll bouda barely misses you.
You hit the gnoll bouda.
The gnoll bouda is lightly wounded.
The gnoll bouda hits you with a +0 whip.
* * * LOW HITPOINT WARNING * * *
You hit the gnoll bouda.
You tail-slap the gnoll bouda, but do no damage.
The gnoll bouda is heavily wounded.
The gnoll bouda barely misses you.
The gnoll bouda hits you with a +0 whip.
* * * LOW HITPOINT WARNING * * *
You barely miss the gnoll bouda.
The gnoll bouda is heavily wounded.
The gnoll bouda hits you with a +0 whip!
* * * LOW HITPOINT WARNING * * *
Casting: Blink (safe; 11% risk of failure)
Confirm with . or Enter, or press ? or * to list all spells.
You blink.
The gnoll bouda hits you with a +0 whip!
You die...

#. #. #. #. #### #g
.....#. ##############
.......######.............
.........@)§...........###
#####.....g##.########.#
#......##.# #.#
.........##.########.###
.....#....##............#
≈.....#....##..#######.#.#
...##..#...###.. #.#.# ...
#..#...# ## #.#.# .. #...#
#.#.#


You could see a gnoll bouda.

Vanquished Creatures
  Menkaure (D:4)
  A scorpion (D:5)
  A hound (D:4)
  An orc priest (D:3)
  Robin (D:2)
  3 gnolls
  2 adders (D:3)
  A worm (D:2)
  5 dart slugs
  4 orcs (D:3)
  6 ball pythons
  4 bats
  8 endoplasms
  2 giant cockroaches
  18 goblins
  11 hobgoblins
  6 kobolds
  3 quokkas
  6 rats
84 creatures vanquished.

Notes
Turn   | Place    | Note
-------+----------+-------------------------------------------
     0 | D:1      | Raikaria the Draconian Warper began the quest for the Orb.
     0 | D:1      | Reached XP level 1. HP: 17/17 MP: 3/3
   163 | D:1      | Reached XP level 2. HP: 25/25 MP: 5/5
   365 | D:2      | Noticed Robin
   448 | D:1      | Reached XP level 3. HP: 23/30 MP: 6/6
   478 | D:1      | Learned a level 2 spell: Blink
  1404 | D:2      | Found Pinae's Weapon Emporium.
  1450 | D:2      | Killed Robin
  1451 | D:2      | Reached XP level 4. HP: 29/38 MP: 7/7
  1489 | D:2      | Found Teny's Assorted Antiques.
  1538 | D:2      | Found Yzul's Magic Scroll Boutique.
  1547 | D:2      | Bought a scroll of teleportation for 42 gold pieces
  1591 | D:2      | Found Neugorih's Magic Scroll Emporium.
  1608 | D:2      | Learned a level 3 spell: Vhi's Electric Charge
  1726 | D:2      | Found Udeojump's Antique Weapon Shop.
  2102 | D:3      | Noticed Grinder
  2108 | D:3      | Paralysed by Grinder for 4 turns
  2115 | D:3      | HP: 1/38 [Grinder/nerve-wracking pain (11)]
  2119 | D:3      | Paralysed by Grinder for 2 turns
  2378 | D:4      | Noticed Menkaure
  2580 | D:3      | Paralysed by Grinder for 4 turns
  2588 | D:3      | Paralysed by Grinder for 2 turns
  2871 | D:4      | Reached XP level 5. HP: 46/46 MP: 8/8
  2986 | D:5      | Entered Level 5 of the Dungeon
  3389 | D:4      | Found a runed translucent door.
  3394 | D:4      | Noticed VerbalBBQ's ghost (amateur FoFi)
  3414 | D:4      | Killed Menkaure
  3415 | D:4      | Reached XP level 6. HP: 28/53 MP: 9/9
  3678 | D:4      | Found Agheadu's Firing Range.
  4261 | D:5      | Slain by a gnoll bouda

Illustrated notes

Levels and vault maps discovered:
D:1:      nicolae_arrival_memento_mori, layout_basic
D:2:      layout_basic, serial_shops, shop, nicolae_shop_tiny_statue_garden,
          shop, shop, nicolae_shop_real_fake_doors, uniq_robin
D:3:      layout_basic, shapermc_ecumenical_altar_mp_vishouse, uniq_grinder
D:4:      layout_basic, ebering_ghost_reflecting_pool,
          nicolae_shop_firing_range, uniq_menkaure
D:5:      layout_basic, nicolae_wu_jian_wuxing_cycle

Skill      XL: |  1  2  3  4  5  6 |
---------------+-------------------+-----
Fighting       | 3 4 |  4.7
Maces & Flails | 3 4 |  4.3
Dodging        | 3 4 |  4.1
Throwing       | |  0.8
Spellcasting   | |  2.0
Translocations | |  3.0

Action                     |  1- 3 |  4- 6 || total
---------------------------+-------+-------++-------
  Melee: Mace              |   134 |   113 ||   247
         Tailslap          |    14 |    15 ||    29
         Flail             |     4 |       ||     4
         Punch             |     1 |     1 ||     2
   Cast: Blink             |       |     1 ||     1
    Use: Potion            |       |     3 ||     3
         Scroll            |       |     1 ||     1
   Stab: Sleeping          |       |     2 ||     2
 Armour: Skin              |    46 |    33 ||    79
  Dodge: Dodged            |    98 |    82 ||   180
